 Dungeon Crawl Stone Soup version 0.25-a0-265-g7af84ae (webtiles) character file.

Game seed: 3314680765042663912, levelgen mode: deterministic

17384 Blackhawk the Fighter (level 12, -3/97 HPs)
             Began as a Gnoll Wanderer on Dec 8, 2019.
             Was a Believer of Ru.
             Slain by a large abomination (26 damage)
             ... on level 2 of the Abyss.
             The game lasted 00:34:03 (20196 turns).

Blackhawk the Fighter (Gnoll Wanderer)             Turns: 20196, Time: 00:34:04

Health: -3/97      AC: 16    Str: 18      XL:     12   Next: 47%
Magic:  22/22      EV: 15    Int: 14 (15) God:    Ru [**....]
Gold:   366        SH:  6    Dex: 16      Spells: 25/25 levels left

rFire    + + .     SeeInvis .   b - +4 war axe
rCold    . . .     Gourm    .   O - +0 buckler {reflect}
rNeg     . . .     Faith    .   E - +4 scale mail {rF+}
rPois    .         Spirit   .   g - +1 hat
rElec    .         Reflect  +   B - +0 cloak
rCorr    .         Harm     .   H - +0 pair of gloves
MR       .....                  (no boots)
Stlth    ..........             X - amulet of regeneration
HPRegen  0.66/turn              t - ring of protection from fire
MPRegen  0.18/turn              (no ring)

@: studying Fighting
A: distributed training, fangs 1, no stealth, no charms magic, no fire magic, no
transmutations magic, strong nose
a: Renounce Religion


You were on level 2 of the Abyss.
You worshipped Ru.
Ru was pleased with you.
You were not hungry.

You visited 2 branches of the dungeon, and saw 14 of its levels.
You visited the Abyss 1 time.
You visited 1 bazaar.
You also visited: Sewer.

You collected 758 gold pieces.
You spent 392 gold pieces at shops.

Inventory:

Hand Weapons
 a - a +2 dagger of venom
 b - a +4 war axe (weapon)
Missiles
 c - 16 arrows
 k - 6 javelins
 o - 23 poisoned darts (quivered)
 r - 9 atropa-tipped darts
 y - 8 boomerangs of dispersal
 P - 3 throwing nets
Armour
 g - a +1 hat (worn)
 B - a +0 cloak (worn)
 E - a +4 scale mail of fire resistance (worn)
 H - a +0 pair of gloves (worn)
 O - a +0 buckler of reflection (worn)
 T - a +1 plate armour of cold resistance
Jewellery
 t - a ring of protection from fire (left hand)
 A - an uncursed ring of wizardry {unknown}
 I - an uncursed ring of protection from magic {unknown}
 J - a +3 ring of dexterity {unknown}
 K - an uncursed ring of see invisible {unknown}
 X - an amulet of regeneration (around neck)
 Y - a +5 ring of intelligence {unknown}
Wands
 D - a wand of disintegration (16)
 Q - a wand of clouds (4)
 S - a wand of flame (5)
 W - a wand of acid (3)
Scrolls
 s - 5 scrolls of amnesia
 u - a scroll of enchant armour
 x - a scroll of teleportation
 C - a scroll of silence {unknown}
 U - a scroll of fear
 V - 2 scrolls of remove curse
 Z - 3 scrolls of identify
Potions
 h - 4 potions of flight
 i - 2 potions of mutation
 l - 2 potions of might
 m - 6 potions of curing
 n - 2 potions of resistance
 p - a potion of heal wounds
 q - 5 potions of brilliance
 v - a potion of degeneration
 F - a potion of invisibility
 G - a potion of ambrosia
 M - a potion of magic {unknown}
 R - a potion of lignification {unknown}
Books
 N - a manual of Fighting
Comestibles
 d - 2 chunks of flesh
 f - 25 rations


   Skills:
 + Level 10.1 Fighting
 + Level 7.2 Short Blades
 + Level 7.2 Long Blades
 + Level 7.2 Axes
 + Level 7.2 Maces & Flails
 + Level 7.2 Polearms
 + Level 7.2 Staves
 + Level 7.2 Slings
 + Level 7.7 Bows
 + Level 7.2 Crossbows
 + Level 7.7 Throwing
 + Level 9.8 Armour
 + Level 7.7 Dodging
   Level 0.0 Stealth
 + Level 7.7 Shields
 + Level 7.2 Unarmed Combat
 + Level 7.2 Spellcasting
 + Level 6.0 Conjurations
 + Level 6.0 Hexes
   Level 0.0 Charms
 + Level 6.0 Summonings
 + Level 6.0 Necromancy
 + Level 6.0 Translocations
   Level 0.0 Transmutations
   Level 0.0 Fire Magic
 + Level 6.0 Ice Magic
 + Level 6.0 Air Magic
 + Level 6.0 Earth Magic
 + Level 6.0 Poison Magic
 + Level 7.9 Invocations
 + Level 7.2 Evocations


You had 25 spell levels left.
You didn't know any spells.
Your spell library contained the following spells:

 Spells                   Type           Power        Failure   Level  Hunger
 Animate Skeleton         Necr           N/A          3%          1    None
 Apportation              Tloc           ###...       3%          1    None
 Confusing Touch          Hex            ###...       3%          1    None
 Summon Small Mammal      Summ           ###.         3%          1    None


Dungeon Overview and Level Annotations

Branches:
Dungeon (13/15)            Temple (1/1) D:5            Lair (0/6) D:11
    Orc (0/2) D:12          Sewer (visited)
 Vaults: D:13-14

Altars:
Ashenzari
Cheibriados
Dithmenos
Elyvilon
Fedhas
Gozag
Hepliaklqana
Kikubaaqudgha
Makhleb
Nemelex Xobeh
Okawaru
Qazlal
Ru
Sif Muna
Uskayaw
Wu Jian
Xom
Yredelemnul
Zin
The Shining One
Beogh

Annotations:
D:7 1 runed translucent door, exclusion: door, hbr223's ghost, amateur HaSk


Innate Abilities, Weirdness & Mutations

Your experience applies equally to all skills.
You have very sharp teeth.
You cannot be stealthy.
You cannot study or cast Charms magic.
You cannot study or cast Fire magic.
You cannot study or cast Transmutations magic.
Your uncanny sense of smell can sniff out nearby items.


Message History

A raiju comes into view.
The large abomination closely misses you.
The raiju barks!
You hit the large abomination.
The large abomination is severely damaged.
You hear a bark! x2
The raiju bursts into living lightning!
The living lightning misses you.
The raiju blinks!
The large abomination hits you!
* * * LOW HITPOINT WARNING * * *
You hit the large abomination but do no damage.
The large abomination is severely damaged.
You hit the raiju but do no damage.
The raiju bursts into living lightning!
The living lightning hits you.
* * * LOW HITPOINT WARNING * * *
The raiju blinks!
The large abomination closely misses you.
The large abomination hits you!!
You die...

... ..... . . .#.
. # .# #
.......#....###..
# ## ##.###.#.. #
# #. .. ..#. #
##. . ..
..#....###.. .. #
.##.#...# # #..
#.§##.###... #..
#.@X...# ...
#....#§#.###
........##..#
#.#...h. ##.#
....##. #.# . #.#
. #.. ..# .# #..
# #.


You could see a large abomination and a raiju.

Vanquished Creatures
  Harold (D:8)
  A hydra (D:12)
  2 death yaks (D:10)
  A glowing orange brain (Abyss:2)
  Pikel (D:8)
  A manticore (D:12)
  3 ugly things (D:12)
  A cyclops (D:10)
  Joseph (D:7)
  A centaur zombie (D:12)
  A centaur skeleton (D:12)
  A kobold demonologist (D:9)
  A merfolk (D:11)
  3 trolls
  Prince Ribbit (D:5)
  6 hippogriffs
  Sigmund (D:5)
  A vampire (D:11)
  8 yaks
  A water moccasin (D:5)
  Duvessa (D:5)
  5 ice beasts
  2 sky beasts
  2 slaves (D:8)
  9 orc warriors
  4 phantoms
  2 small abominations (Abyss:2)
  5 ogres
  8 centaurs
  A crocodile (D:10)
  8 big kobolds
  4 bullfrogs
  Dowan (D:5)
  A water moccasin zombie (D:5)
  2 wyvern skeletons (D:10)
  3 scorpions
  10 wights
  5 killer bees (D:6)
  5 howler monkeys
  An electric eel (D:11)
  2 bullfrog zombies
  6 crimson imps
  5 hounds
  2 jellies
  8 orc priests
  13 orc wizards
  6 iguanas
  8 worker ants
  A hound skeleton (D:6)
  13 adders
  6 gnolls
  A river rat (Sewer)
  3 shadow imps
  2 oozes
  3 worms
  2 dart slugs
  6 leopard geckos
  61 orcs
  4 ball pythons
  7 giant cockroaches
  5 goblins
  4 hobgoblins
  15 jackals
  23 kobolds
  5 quokkas
  8 bats
  7 frilled lizards
  A leopard gecko skeleton (D:4)
  32 rats
375 creatures vanquished.

Vanquished Creatures (others)
  A slave (D:8)
  An orc wizard (D:8)
  An adder (D:8)
  An orc (D:11)
  3 jackals (D:8)
7 creatures vanquished.

Grand Total: 382 creatures vanquished

Notes
Turn   | Place    | Note
-------+----------+-------------------------------------------
     0 | D:1      | Blackhawk the Gnoll Wanderer began the quest for the Orb.
     0 | D:1      | Blackhawk set off with the following items: a +2 dagger, a
                  | potion of heal wounds, a +0 ring mail, a +0 shortbow, 24
                  | arrows, a ration
     0 | D:1      | Reached XP level 1. HP: 20/20 MP: 1/1
     1 | D:1      | Noticed an electric eel
   238 | D:1      | Reached XP level 2. HP: 25/26 MP: 2/2
   954 | D:2      | Reached XP level 3. HP: 31/31 MP: 3/3
  1121 | D:2      | Reached skill level 1 in Invocations
  1138 | D:2      | Reached skill level 1 in Short Blades
  1138 | D:2      | Reached skill level 1 in Long Blades
  1138 | D:2      | Reached skill level 1 in Axes
  1138 | D:2      | Reached skill level 1 in Maces & Flails
  1138 | D:2      | Reached skill level 1 in Polearms
  1138 | D:2      | Reached skill level 1 in Staves
  1138 | D:2      | Reached skill level 1 in Slings
  1138 | D:2      | Reached skill level 1 in Crossbows
  1138 | D:2      | Reached skill level 1 in Unarmed Combat
  1138 | D:2      | Reached skill level 1 in Spellcasting
  1138 | D:2      | Reached skill level 1 in Evocations
  1138 | D:2      | Reached XP level 4. HP: 19/38 MP: 5/5
  2024 | D:2      | You fall into a shaft and drop 1 floor!
  2227 | D:3      | Reached skill level 1 in Conjurations
  2227 | D:3      | Reached skill level 1 in Hexes
  2227 | D:3      | Reached skill level 1 in Charms
  2227 | D:3      | Reached skill level 1 in Summonings
  2227 | D:3      | Reached skill level 1 in Necromancy
  2227 | D:3      | Reached skill level 1 in Translocations
  2227 | D:3      | Reached skill level 1 in Transmutations
  2227 | D:3      | Reached skill level 1 in Fire Magic
  2227 | D:3      | Reached skill level 1 in Ice Magic
  2227 | D:3      | Reached skill level 1 in Air Magic
  2227 | D:3      | Reached skill level 1 in Earth Magic
  2227 | D:3      | Reached skill level 1 in Poison Magic
  2266 | D:3      | Found a glowing drain.
  2270 | Sewer    | Entered a sewer
  2286 | Sewer    | Reached XP level 5. HP: 38/43 MP: 6/6
  2367 | Sewer    | Noticed a big kobold
  2423 | Sewer    | Killed a big kobold
  2656 | Sewer    | Found a glowing silver altar of Zin.
  2907 | D:3      | Reached XP level 6. HP: 45/50 MP: 8/8
  3146 | D:3      | Reached skill level 5 in Fighting
  3938 | D:3      | Noticed an orc warrior
  3957 | D:3      | Killed an orc warrior
  3957 | D:3      | Reached XP level 7. HP: 56/56 MP: 10/10
  4548 | D:3      | Found a snail-covered altar of Cheibriados.
  4550 | D:3      | Found a stormy altar of Qazlal.
  4550 | D:3      | Found a radiant altar of Vehumet.
  4552 | D:3      | Found a basalt altar of Yredelemnul.
  4552 | D:3      | Found a shimmering altar of Xom.
  4552 | D:3      | Found an iron altar of Okawaru.
  5096 | D:4      | Found a hazy altar of Hepliaklqana.
  5436 | D:4      | Found a snail-covered altar of Cheibriados.
  5501 | D:5      | Entered Level 5 of the Dungeon
  5501 | D:5      | Noticed Prince Ribbit
  5515 | D:5      | Killed Prince Ribbit
  5515 | D:5      | Reached XP level 8. HP: 17/63 MP: 10/12
  5516 | D:5      | Noticed Sigmund
  5795 | D:5      | Killed Sigmund
  6036 | D:5      | Found a staircase to the Ecumenical Temple.
  6045 | Temple   | Entered the Ecumenical Temple
  6127 | Temple   | Became a worshipper of Ru the Awakened
  6252 | D:5      | Noticed Duvessa
  6253 | D:5      | Noticed Dowan
  6270 | D:5      | Killed Duvessa
  6281 | D:5      | Killed Dowan
  6510 | D:5      | Found a burning altar of Makhleb.
  6560 | D:5      | Found a sacrificial altar of Ru.
  6642 | D:5      | Found an opulent altar of Gozag.
  6893 | D:6      | Reached XP level 9. HP: 44/69 MP: 14/14
  6895 | D:6      | Reached skill level 6 in Fighting
  7979 | D:6      | Reached skill level 5 in Bows
  7979 | D:6      | Reached skill level 5 in Throwing
  7979 | D:6      | Reached skill level 5 in Dodging
  7979 | D:6      | Reached skill level 5 in Shields
  8224 | D:6      | Gained mutation: You cannot be stealthy. [Ru sacrifice]
  9236 | D:7      | Reached skill level 5 in Invocations
  9646 | D:7      | Noticed Joseph
  9676 | D:7      | Killed Joseph
  9676 | D:7      | Reached XP level 10. HP: 16/77 MP: 17/17
 10029 | D:7      | Reached skill level 7 in Fighting
 10078 | D:7      | Found a runed translucent door.
 10081 | D:7      | Noticed hbr223's ghost (amateur HaSk)
 10341 | D:7      | Found a shimmering blue altar of Sif Muna.
 10532 | D:8      | Noticed Pikel
 10571 | D:8      | Killed Pikel
 10571 | D:8      | Reached skill level 5 in Short Blades
 10571 | D:8      | Reached skill level 5 in Long Blades
 10571 | D:8      | Reached skill level 5 in Axes
 10571 | D:8      | Reached skill level 5 in Maces & Flails
 10571 | D:8      | Reached skill level 5 in Polearms
 10571 | D:8      | Reached skill level 5 in Staves
 10571 | D:8      | Reached skill level 5 in Slings
 10571 | D:8      | Reached skill level 5 in Crossbows
 10571 | D:8      | Reached skill level 5 in Unarmed Combat
 10571 | D:8      | Reached skill level 5 in Spellcasting
 10571 | D:8      | Reached skill level 5 in Evocations
 10733 | D:8      | Found a hide-covered altar of Uskayaw.
 10951 | D:8      | Found a blossoming altar of Fedhas.
 11371 | D:8      | Found a basalt altar of Yredelemnul.
 11891 | D:8      | Noticed Harold
 11929 | D:8      | Killed Harold
 12596 | D:9      | Reached skill level 8 in Fighting
 12839 | D:9      | Reached XP level 11. HP: 53/86 MP: 19/19
 13231 | D:10     | Entered Level 10 of the Dungeon
 13314 | D:10     | Noticed a soul eater
 13320 | D:10     | HP: 1/86 [smoke demon/divine providence[a kobold
                  | demonologist] (13)]
 13579 | D:10     | Noticed a soul eater
 13589 | D:9      | Noticed a soul eater
 13982 | D:10     | Noticed a cyclops
 14002 | D:10     | Killed a cyclops
 14002 | D:10     | Reached skill level 5 in Conjurations
 14002 | D:10     | Reached skill level 5 in Hexes
 14002 | D:10     | Reached skill level 5 in Charms
 14002 | D:10     | Reached skill level 5 in Summonings
 14002 | D:10     | Reached skill level 5 in Necromancy
 14002 | D:10     | Reached skill level 5 in Translocations
 14002 | D:10     | Reached skill level 5 in Transmutations
 14002 | D:10     | Reached skill level 5 in Fire Magic
 14002 | D:10     | Reached skill level 5 in Ice Magic
 14002 | D:10     | Reached skill level 5 in Air Magic
 14002 | D:10     | Reached skill level 5 in Earth Magic
 14002 | D:10     | Reached skill level 5 in Poison Magic
 15274 | D:11     | Noticed a death yak
 15281 | D:11     | Noticed a death yak
 15281 | D:11     | Noticed a death yak
 15307 | D:10     | HP: 4/87 [death yak (17)]
 15312 | D:10     | Killed a death yak
 15825 | D:11     | Reached skill level 9 in Fighting
 16391 | D:10     | Killed a death yak
 16545 | D:11     | Found a staircase to the Lair.
 16709 | D:11     | You fall into a shaft and drop 2 floors!
 16709 | D:13     | Noticed a tengu warrior
 16711 | D:13     | Noticed a centaur warrior
 16717 | D:13     | Noticed an eight-headed hydra
 16936 | D:12     | Found a gateway to a bazaar.
 16970 | Bazaar   | Entered a bazaar
 17150 | Bazaar   | Found Ecoiwk's Food Boutique.
 17179 | Bazaar   | Found Odweo's Food Boutique.
 17204 | Bazaar   | Found Fuulank's Food Boutique.
 17218 | Bazaar   | Found Dozoum's Distillery.
 17252 | Bazaar   | Bought a potion of might for 56 gold pieces
 17252 | Bazaar   | Bought 2 potions of mutation for 224 gold pieces
 17252 | Bazaar   | Bought a potion of invisibility for 112 gold pieces
 17355 | D:12     | Noticed a cyan ugly thing
 17387 | D:12     | Killed a cyan ugly thing
 17569 | D:12     | Reached XP level 12. HP: 50/96 MP: 22/22
 18254 | D:12     | Found a staircase to the Orcish Mines.
 18536 | D:12     | Noticed a five-headed hydra
 18565 | D:12     | Killed a five-headed hydra
 19093 | D:12     | Reached skill level 10 in Fighting
 19446 | D:12     | Found a roughly hewn altar of Beogh.
 20043 | D:11     | Cast into level 2 of the Abyss (a wizard)
 20066 | Abyss:2  | Gained mutation: You cannot study or cast Fire magic. [Ru
                  | sacrifice]
 20066 | Abyss:2  | Gained mutation: You cannot study or cast Transmutations
                  | magic. [Ru sacrifice]
 20066 | Abyss:2  | Gained mutation: You cannot study or cast Charms magic. [Ru
                  | sacrifice]
 20066 | Abyss:2  | Reached * piety under Ru
 20066 | Abyss:2  | Reached ** piety under Ru
 20196 | Abyss:2  | Slain by a large abomination

Levels and vault maps discovered:
D:1:      arrival_aquarium_a, layout_basic, minmay_tetromino_s2
D:2:      layout_loops_ring, first_ration
D:3:      layout_loops_ring, doesnt_xom_only_xom, gup_sewer_entry_spiral,
          minmay_rat_hole
D:4:      layout_cave_pools, cheibriados_altar_1, lemuel_doored_altar
D:5:      layout_rooms, grunt_gozag_breadcrumbs, lemuel_round_altar,
          minmay_temple_entry_tees, corexii_leaking_fountain,
          nicolae_ru_awakened_eye, uniq_prince_ribbit1, uniq_sigmund,
          uniq_duvessa
D:6:      layout_loops_ring, kennysheep_generic_room_7
D:7:      layout_loops_ring, led_sif_book, ebering_ghost_reflecting_pool,
          minmay_manual_mares, uniq_joseph
D:8:      wad_crossroads, layout_loops_corners, kennysheep_little_box,
          lemuel_crystal_altar, general_overflow_altar, uniq_harold, uniq_pikel
D:9:      layout_rooms
D:10:     layout_stronghold
D:11:     layout_long_grid, dpeg_lair_monsters, hangedman_fish_farm,
          serial_bayou_pond_b
D:12:     layout_gridville, orc_0_dummy, special_room [special_room_orc],
          serial_shops, bzr_in_the_mist
D:13:     layout_cave_pools, serial_shops, kennysheep_mini
Temple:   oiseaux_autumnal_temple
Abyss:2:  base:
D:10

Skill      XL: |  1  2  3  4  5  6  7  8  9 10 11 12 |
---------------+-------------------------------------+-----
Invocations    | 1 2 3 4 5 6 7 |  7.9
Short Blades   | 1 2 3 4 5 6 7 |  7.2
Long Blades    | 1 2 3 4 5 6 7 |  7.2
Axes           | 1 2 3 4 5 6 7 |  7.2
Maces & Flails | 1 2 3 4 5 6 7 |  7.2
Polearms       | 1 2 3 4 5 6 7 |  7.2
Staves         | 1 2 3 4 5 6 7 |  7.2
Slings         | 1 2 3 4 5 6 7 |  7.2
Crossbows      | 1 2 3 4 5 6 7 |  7.2
Unarmed Combat | 1 2 3 4 5 6 7 |  7.2
Spellcasting   | 1 2 3 4 5 6 7 |  7.2
Evocations     | 1 2 3 4 5 6 7 |  7.2
Conjurations   | 1 2 3 4 5 6 |  6.0
Hexes          | 1 2 3 4 5 6 |  6.0
Charms         | 1 2 3 4 5 0 |  0.0
Summonings     | 1 2 3 4 5 6 |  6.0
Necromancy     | 1 2 3 4 5 6 |  6.0
Translocations | 1 2 3 4 5 6 |  6.0
Transmutations | 1 2 3 4 5 0 |  0.0
Fire Magic     | 1 2 3 4 5 0 |  0.0
Ice Magic      | 1 2 3 4 5 6 |  6.0
Air Magic      | 1 2 3 4 5 6 |  6.0
Earth Magic    | 1 2 3 4 5 6 |  6.0
Poison Magic   | 1 2 3 4 5 6 |  6.0
Bows           | 3 4 5 6 7 |  7.7
Throwing       | 3 4 5 6 7 |  7.7
Dodging        | 3 4 5 6 7 |  7.7
Shields        | 3 4 5 6 7 |  7.7
Stealth        | 3 4 0 |  0.0
Fighting       | 5 6 8 9 10 | 10.1
Armour         | 7 8 9 |  9.8

Action                   |  1- 3 |  4- 6 |  7- 9 | 10-12 || total
-------------------------+-------+-------+-------+-------++-------
Melee: Dagger            |    19 |   236 |   637 |   879 ||  1771
       Bite              |     7 |    30 |   105 |   174 ||   316
       Hand axe          |    67 |    80 |       |       ||   147
       Punch             |       |     3 |    11 |     8 ||    22
       War axe           |       |       |    14 |   253 ||   267
Throw: Dart              |    11 |    27 |    38 |    45 ||   121
       Javelin           |       |       |    15 |       ||    15
Invok: Sacrifice Stealth |       |       |     1 |       ||     1
       Reject Sacrifices |       |       |       |     1 ||     1
       Sacrifice Arcana  |       |       |       |     1 ||     1
  Use: Scroll            |       |     4 |       |    14 ||    18
       Potion            |       |       |       |     3 ||     3
 Stab: Sleeping          |     6 |     2 |     1 |       ||     9
       Distracted        |       |       |     1 |       ||     1
  Eat: Chunk             |     1 |     9 |    19 |    24 ||    53
       Ration            |       |       |       |     3 ||     3
Armor: Ring mail         |    34 |   108 |    40 |       ||   182
       Chain mail        |       |       |    55 |       ||    55
       Scale mail        |       |       |   138 |   407 ||   545
Dodge: Dodged            |    68 |   181 |   306 |   584 ||  1139
Block: Buckler           |       |       |       |   248 ||   248
       Reflection        |       |       |       |    13 ||    13

Table legend:
 A = Non-vault XP
 B = Vault XP
 C = Vault XP percentage of total XP
 D = Non-vault monster count
 E = Vault monster count
 F = Vault count percentage of total count
                 A         B        C        D         E       F
            +---------+---------+-------+---------+---------+-------
      Total |   18135 |    6700 |  27.0 |     314 |      60 |  16.0
            +---------+---------+-------+---------+---------+-------
        D:1 |      23 |       1 |   4.2 |      14 |       1 |   6.7
        D:2 |      98 |       0 |   0.0 |      18 |       0 |   0.0
        D:3 |     538 |      50 |   8.5 |      68 |      27 |  28.4
        D:4 |     175 |       0 |   0.0 |      17 |       0 |   0.0
        D:5 |     405 |     743 |  64.7 |      10 |       4 |  28.6
        D:6 |    1603 |      42 |   2.6 |      30 |       1 |   3.2
        D:7 |     745 |     719 |  49.1 |      21 |       3 |  12.5
        D:8 |    1265 |    1812 |  58.9 |      28 |       5 |  15.2
        D:9 |    2028 |       0 |   0.0 |      16 |       0 |   0.0
       D:10 |    2400 |    1949 |  44.8 |      32 |       3 |   8.6
       D:11 |    1429 |    1140 |  44.4 |      31 |       6 |  16.2
       D:12 |    6550 |     121 |   1.8 |      26 |       1 |   3.7
    Abyss:2 |     876 |       0 |   0.0 |       3 |       0 |   0.0
      Sewer |       0 |     123 | 100.0 |       0 |       9 | 100.0
            +---------+---------+-------+---------+---------+-------
